 Dungeon Crawl Stone Soup version 0.29-a0-872-g797fff5ad1 (webtiles) character file.

Game seed: 11038723850664332179

290 raph the Conjurer (level 6, -13/45 HPs)
             Began as a Draconian Conjurer on July 18, 2022.
             Mangled by an ogre
             ... wielding a +0 giant club
              (32 damage)
             ... on level 4 of the Dungeon.
             The game lasted 00:04:16 (4020 turns).

raph the Conjurer (Draconian Conjurer)              Turns: 4020, Time: 00:04:17

Health: -13/45     AC:  6    Str:  9    XL:     6   Next: 9%
Magic:  4/9        EV: 12    Int: 20    God:
Gold:   142        SH:  0    Dex: 10    Spells: 3/9 levels left

rFire   . . .      SeeInvis +   b - +0 whip
rCold   . . .      Faith    .   (no shield)
rNeg    . . .      Spirit   .   (body armour unavailable)
rPois   .          Reflect  .   (helmet restricted)
rElec   .          Harm     .   (no cloak)
rCorr   .          Rampage  .   (no gloves)
Will    .....                   (no boots)
Stlth   ++........              (no amulet)
HPRegen 0.15/turn               l - ring of see invisible
MPRegen 0.11/turn               (no ring)

@: no status effects
A: AC +6, unfitting armour, cold-blooded
a: no special abilities


You were on level 4 of the Dungeon.
You visited 1 branch of the dungeon, and saw 4 of its levels.

You collected 142 gold pieces.

Inventory:

Hand Weapons
 b - a +0 whip (weapon)
Jewellery
 l - a ring of see invisible (left hand)
Wands
 p - a wand of flame (17)
Scrolls
 d - a scroll of fog
 h - a scroll of immolation {unknown}
 i - a scroll of identify
 j - a scroll of enchant weapon {unknown}
 m - 2 scrolls of teleportation
Potions
 a - a potion of magic
 c - a potion of haste
 e - 2 potions of might
 f - 2 potions of attraction
 g - a potion of resistance
 k - 3 potions of curing
 n - a potion of mutation
 o - a potion of brilliance {unknown}


   Skills:
 - Level 1.7 Dodging
 - Level 1.7 Stealth
 - Level 2.0 Spellcasting
 + Level 7.4 Conjurations


You had 3 spell levels left.
You knew the following spells:

 Your Spells              Type           Power      Damage    Failure   Level
a - Magic Dart            Conj           100%       1d8       1%          1
b - Searing Ray           Conj           62%        2d6       1%          2
c - Dazzling Flash        Conj/Hex       32%        N/A       11%         3

Your spell library contained the following spells:

 Spells                   Type           Power      Damage    Failure   Level
 Necrotise                Necr           8%         1d4       16%         1
 Ozocubu's Armour         Ice            2%         N/A       43%         3
 Vampiric Draining        Necr           2%         2d6       43%         3
 Fulminant Prism          Conj/Hex       8%         3d7       34%         4
 Iskenderun's Mystic Bla  Conj/Tloc      16%        2d5       34%         4
 Agony                    Necr           2%         N/A       99%         5
 Metabolic Englaciation   Hex/Ice        1%         N/A       99%         5
 Simulacrum               Ice/Necr       1%         N/A       100%        6
 Borgnjor's Revivificati  Necr           1%         N/A       100%        8
 Necromutation            Tmut/Necr      1%         N/A       100%        8
 Death's Door             Necr           1%         N/A       100%        9


Dungeon Overview and Level Annotations

Branches:
Dungeon (4/15)
 Temple: D:4-7

Altars:
Elyvilon
Fedhas
Yredelemnul


Innate Abilities, Weirdness & Mutations

Your plain brown scales are hard. (AC +6)
You cannot fit into any form of body armour.
You are cold-blooded and may be slowed by cold attacks.


Message History

The searing ray hits Blork the orc.
You kill Blork the orc! (Press . to maintain the ray.)
You have reached level 6!
Your scales feel tougher.
You start resting.
Magic restored.
Found a stone staircase leading up.
Things that are here:
a +0 trident; a +0 robe; the orc corpse of Blork the orc HP restored.
Things that are here:
a +0 trident; a +0 robe; the orc corpse of Blork the orc
f - 2 potions of attraction (gained 1)
k - 3 potions of curing (gained 1)
You open the door.
An ogre comes into view. It is wielding a +0 giant club.
Found 11 gold pieces.
Casting: Searing Ray (safe; 1% risk of failure)
Confirm with . or Enter, or press ? or * to list all spells.
You don't know that spell.
Casting: Searing Ray (safe; 1% risk of failure)
Confirm with . or Enter, or press ? or * to list all spells.
Aiming: Searing Ray (safe; 1% risk of failure)
Press: ? - help, Shift-Dir - straight line, f - ogre
Aim: an ogre, wielding a +0 giant club (asleep, 100% to hit)
The searing ray hits the ogre.
The ogre is lightly wounded. (Press . to maintain the ray.)
The searing ray misses the ogre.
The searing ray hits the ogre!
The ogre is moderately wounded.
The ogre hits you with a +0 giant club!!
Ouch! That really hurt!
The searing ray hits the ogre.
The ogre is heavily wounded.
You finish channelling your searing ray.
The ogre hits you with a +0 giant club!!
Ouch! That really hurt!
You die...

#........#
#...$....#
........# .......
..... ... #'#
#O#######
.#######@......#
...............#
########.......##
#####........#
..............#
...######.....# .
##.#### #..#
##.##


You could see an ogre.

Vanquished Creatures
  Blork the orc (D:4)
  Dowan (D:4)
  Natasha (thrice) (D:2)
  4 gnolls (D:2)
  2 adders (D:2)
  A worm (D:2)
  A dart slug (D:2)
  An orc (D:4)
  7 ball pythons
  5 endoplasms
  A giant cockroach (D:2)
  5 goblins
  3 hobgoblins
  A quokka (D:1)
  2 bats
  3 frilled lizards
  4 kobolds
  4 rats
49 creatures vanquished.

Notes
Turn   | Place    | Note
-------+----------+-------------------------------------------
     0 | D:1      | raph the Draconian Conjurer began the quest for the Orb.
     0 | D:1      | Reached XP level 1. HP: 14/14 MP: 3/3
   286 | D:1      | Reached XP level 2. HP: 20/20 MP: 3/5
   386 | D:1      | Found a faded altar of an unknown god.
   894 | D:2      | Noticed Natasha
   900 | D:1      | Learned a level 2 spell: Searing Ray
   905 | D:2      | Killed Natasha
   906 | D:2      | Reached skill level 5 in Conjurations
   906 | D:2      | Reached XP level 3. HP: 15/26 MP: 1/6
  1130 | D:2      | Noticed Natasha
  1133 | D:2      | Killed Natasha
  1235 | D:2      | Reached XP level 4. HP: 33/33 MP: 4/7
  1834 | D:2      | Learned a level 3 spell: Dazzling Flash
  1850 | D:2      | Reached skill level 6 in Conjurations
  2164 | D:2      | Reached XP level 5. HP: 38/38 MP: 1/8
  2250 | D:2      | Found a blossoming altar of Fedhas.
  2285 | D:2      | Noticed Natasha
  2289 | D:2      | Killed Natasha
  2774 | D:3      | Found a basalt altar of Yredelemnul.
  2858 | D:3      | Found a white marble altar of Elyvilon.
  3690 | D:4      | Noticed Dowan
  3704 | D:4      | Killed Dowan
  3705 | D:4      | Reached skill level 7 in Conjurations
  3886 | D:4      | Noticed Blork the orc
  3893 | D:4      | Killed Blork the orc
  3894 | D:4      | Reached XP level 6. HP: 34/45 MP: 1/9
  4020 | D:4      | Mangled by an ogre

Illustrated notes

Levels and vault maps discovered:
D:1:      co_arrival_square_in_a_square_in_a_square, layout_basic,
          basic_ecumenical_altar
D:2:      layout_basic, basic_altar, uniq_natasha
D:3:      layout_basic, kennysheep_ying_yang
D:4:      layout_basic, nemelex_xobeh_ov_fountains_minmay, serial_shops,
          nicolae_lakefront_shop, uniq_duvessa, uniq_blork_the_orc

Skill      XL: |  1  2  3  4  5 |
---------------+----------------+-----
Conjurations   | 5 6 7 |  7.4
Dodging        | |  1.7
Stealth        | |  1.7
Spellcasting   | |  2.0

Action                   |  1- 3 |  4- 6 || total
-------------------------+-------+-------++-------
Melee: Whip              |    36 |     7 ||    43
       Tailslap          |     3 |     1 ||     4
 Cast: Magic Dart        |    12 |    26 ||    38
       Searing Ray       |     4 |    21 ||    25
  Use: Scroll            |       |     9 ||     9
Armor: Skin              |     9 |     2 ||    11
Dodge: Dodged            |    30 |     6 ||    36

Table legend: (Time is in decaauts)
 A = Elapsed time spent in this place.
 B = Non-inter-level travel time spent in this place.
 C = Inter-level travel time spent in this place.
 D = Time resting spent in this place.
 E = Time spent auto-exploring this place.
 F = Levels seen in this place.
 G = Mean time per level.
                   A        B        C        D        E       F      G
               +--------+--------+--------+--------+--------+-----+--------+
         Total |   4025 |   3780 |    245 |    874 |   2496 |   4 | 1006.2 |
       Dungeon |   4025 |   3780 |    245 |    874 |   2496 |   4 | 1006.2 |
               +--------+--------+--------+--------+--------+-----+--------+

Top non-repeatable levels by time:
     D:2: 1523 daAuts
     D:1: 1115 daAuts
     D:3: 1104 daAuts
     D:4: 282 daAuts
